 Dungeon Crawl Stone Soup version bcrawl-1.21 (webtiles) character file.

Game seed: 3601042715608892243

2608 Mrkan the Basher (level 9, -5/79 HPs)
             Began as a Minotaur Fighter on Feb 14, 2020.
             Was a Follower of Uskayaw.
             Slain by a spriggan baker
             ... wielding a +0 quarterstaff
              (14 damage)
             ... on level 7 of the Dungeon.
             The game lasted 00:08:07 (7269 turns).

Mrkan the Basher (Minotaur Fighter)                 Turns: 7269, Time: 00:08:08

Health: -5/79      AC: 10    Str: 21    XL:     9   Next: 34%
Magic:  8/8        EV:  9    Int:  5    God:    Uskayaw [*.....]
Gold:   814        SH: 11    Dex: 13    Spells: 8/8 levels left

rFire    . . .     SeeInvis .   x - +0 morningstar
rCold    . . .     Gourm    .   c - +0 shield
rNeg     . . .     Faith    .   y - +0 chain mail
rPois    .         Spirit   .   (helmet restricted)
rElec    .         Reflect  .   f - scarf {repulsion}
rCorr    .         Harm     .   (no gloves)
MR       .....                  (no boots)
Stlth    ..........             (no amulet)
HPRegen  0.23/turn              (no ring)
MPRegen  0.11/turn              (no ring)

@: repel missiles
A: retaliatory headbutt, horns 2
a: Stomp, Renounce Religion


You were on level 7 of the Dungeon.
You worshipped Uskayaw.
Uskayaw was noncommittal.
You were very hungry.

You visited 1 branch of the dungeon, and saw 7 of its levels.

You collected 814 gold pieces.

Inventory:

Hand Weapons
 x - a +0 morningstar (weapon)
Missiles
 u - a throwing net (quivered) {!f}
Armour
 a - a scarf of resistance
 c - a +0 shield (worn)
 f - a scarf of repulsion (worn)
 y - a +0 chain mail (worn)
Jewellery
 m - a +4 ring of dexterity {unknown}
 p - an uncursed ring of wizardry {unknown}
 B - an uncursed amulet of faith {unknown}
Wands
 A - a wand of polymorph (16)
Scrolls
 g - 7 scrolls of remove curse {unknown}
 h - a scroll of blinking {unknown}
 i - 4 scrolls of teleportation {unknown}
 j - 4 scrolls of identify {unknown}
 l - 4 scrolls of fear {unknown}
 o - a scroll of fog {unknown}
 v - a scroll of amnesia {unknown}
 w - a scroll of noise {unknown}
 z - a scroll of magic mapping {unknown}
Potions
 d - a potion of heal wounds
 k - 6 potions of curing {unknown}
 n - a potion of degeneration {unknown}
 q - a potion of resistance {unknown}
 r - a potion of haste {unknown}
 s - a potion of mutation {unknown}
 t - 2 potions of might
Comestibles
 e - 12 rations {!d}


   Skills:
 + Level 7.1 Fighting
 * Level 9.3 Maces & Flails
 + Level 7.1 Armour
 + Level 5.4 Dodging
 + Level 7.2 Shields


You had 8 spell levels left.
You didn't know any spells.
Your spell library contained the following spells:

 Spells                   Type           Power        Failure   Level  Hunger
 Magic Dart               Conj           #...         100%        1    ##.....
 Blink                    Tloc           N/A          100%        2    ###....
 Call Imp                 Summ           #.....       100%        2    ###....
 Conjure Flame            Conj/Fire      #.......     100%        3    ####...
 Mephitic Cloud           Conj/Pois/Air  #.......     100%        3    ####...
 Spider Form              Tmut/Pois      #..          100%        3    ####...


Dungeon Overview and Level Annotations

Branches:
Dungeon (7/12)             Temple (0/1) D:6
   Lair: D:7-9

Altars:
Fedhas
Gozag
Lugonu
Ru
Sif Muna
Trog
Uskayaw
Xom
Yredelemnul
The Shining One

Annotations:
D:6 2 transporters, Morbidden's ghost, novice DjSA


Innate Abilities, Weirdness & Mutations

You reflexively headbutt those who attack you in melee.
You have a pair of horns on your head.


Message History

The spriggan baker hits you with a +0 quarterstaff.
You closely miss the spriggan baker.
The spriggan baker is heavily wounded.
The spriggan baker hits you but does no damage.
You closely miss the spriggan baker. You headbutt the spriggan baker.
The spriggan baker is severely wounded.
The spriggan baker hits you with a +0 quarterstaff!
* * * LOW HITPOINT WARNING * * *
Your shield and chain mail prevent you from hitting the spriggan baker.
The spriggan baker is severely wounded.
The spriggan baker hits you with a +0 quarterstaff.
* * * LOW HITPOINT WARNING * * *
You closely miss the spriggan baker.
The spriggan baker is severely wounded.
The spriggan baker hits you with a +0 quarterstaff.
* * * LOW HITPOINT WARNING * * *
You block the quokka's attack.
You miss the quokka.
The spriggan baker hits you with a +0 quarterstaff!
You die...

#. #.......#
.#..######.......#
................#
#..#..........#
#..<.........#
#....^.....###
#[.........#
###...i..(...#
#.....@......#
#.##..r......# #.
##†......## .
#.........#
#...÷.....# ###
#..†......#
....####.........#
.......#........)#
#..#....)..##


You could see a spriggan baker and a quokka.

Vanquished Creatures
  Grinder (D:4)
  An ice beast (D:6)
  4 ogres
  A sky beast (D:6)
  2 centaurs (D:6)
  A bullfrog (D:7)
  3 scorpions
  A water moccasin skeleton (D:6)
  3 killer bees (D:7)
  7 crimson imps
  3 hounds
  2 quasits (D:4)
  2 bullfrog zombies
  A centaur zombie (D:6)
  3 orc priests
  6 orc wizards
  A bullfrog skeleton (D:6)
  A gnoll shaman (D:6)
  2 iguanas
  9 worker ants
  3 hound skeletons
  Robin (D:4)
  6 adders
  4 gnolls (D:6)
  A howler monkey skeleton (D:4)
  A shadow imp (D:6)
  2 oozes (D:4)
  An adder skeleton (D:4)
  An adder zombie (D:6)
  3 worms
  2 dart slugs
  6 leopard geckos
  5 orcs
  2 giant cockroaches
  15 goblins
  16 hobgoblins
  6 jackals
  5 quokkas
  8 bats
  A frilled lizard (D:1)
  A jackal skeleton (D:4)
  A jackal zombie (D:5)
  7 kobolds
  4 rats
156 creatures vanquished.

Notes
Turn   | Place    | Note
-------+----------+-------------------------------------------
     0 | D:1      | Mrkan the Minotaur Fighter began the quest for the Orb.
     0 | D:1      | Reached XP level 1. HP: 19/19 MP: 0/0
    45 | D:1      | Reached XP level 2. HP: 24/27 MP: 1/1
   194 | D:1      | Reached skill level 3 in Maces & Flails
   350 | D:1      | Reached skill level 1 in Dodging
   417 | D:1      | Reached XP level 3. HP: 33/33 MP: 2/2
   864 | D:2      | Noticed a +0 hand axe
   865 | D:2      | Noticed a +0 dagger
   866 | D:2      | Found a hide-covered altar of Uskayaw.
   901 | D:2      | Became a worshipper of Uskayaw the Reveler
   943 | D:2      | Reached * piety under Uskayaw
   995 | D:2      | Found a glowing golden altar of the Shining One.
  1369 | D:2      | Found a sacrificial altar of Ru.
  1372 | D:2      | Found a basalt altar of Yredelemnul.
  1372 | D:2      | Found a blossoming altar of Fedhas.
  1825 | D:3      | Found an opulent altar of Gozag.
  1905 | D:3      | Reached XP level 4. HP: 21/40 MP: 3/3
  1905 | D:3      | Reached ** piety under Uskayaw
  2597 | D:4      | Reached skill level 4 in Maces & Flails
  2652 | D:4      | Noticed Grinder
  2664 | D:4      | Killed Grinder
  2664 | D:4      | Reached skill level 5 in Maces & Flails
  2664 | D:4      | Reached XP level 5. HP: 23/47 MP: 0/4
  2664 | D:4      | Reached XP level 6. HP: 26/53 MP: 0/5
  2901 | D:4      | Reached *** piety under Uskayaw
  2996 | D:4      | Reached skill level 5 in Shields
  3092 | D:4      | Reached skill level 5 in Fighting
  3092 | D:4      | Reached skill level 5 in Armour
  3164 | D:4      | Reached XP level 7. HP: 52/61 MP: 6/6
  3314 | D:4      | Noticed Robin
  3326 | D:4      | Reached skill level 6 in Maces & Flails
  3332 | D:4      | Killed Robin
  3332 | D:4      | Reached **** piety under Uskayaw
  3338 | D:4      | Reached ***** piety under Uskayaw
  3632 | D:4      | Found a shimmering blue altar of Sif Muna.
  3860 | D:4      | HP: 2/61 [crimson imp (2)]
  3866 | D:4      | HP: 1/61 [crimson imp (2)]
  4346 | D:4      | Reached XP level 8. HP: 70/70 MP: 7/7
  4350 | D:4      | Reached skill level 7 in Maces & Flails
  4476 | D:4      | Found a bloodstained altar of Trog.
  4642 | D:5      | Entered Level 5 of the Dungeon
  5069 | D:5      | Found a corrupted altar of Lugonu.
  5562 | D:6      | Found a transporter.
  5564 | D:6      | Noticed Morbidden's ghost (novice DjSA)
  5566 | D:6      | Found a transporter.
  5848 | D:6      | Reached skill level 8 in Maces & Flails
  6119 | D:6      | Found a staircase to the Ecumenical Temple.
  6178 | D:6      | Reached skill level 5 in Dodging
  6184 | D:6      | Reached XP level 9. HP: 58/78 MP: 8/8
  6510 | D:6      | Found a shimmering altar of Xom.
  6657 | D:6      | Reached skill level 9 in Maces & Flails
  7269 | D:7      | Slain by a spriggan baker

Skill      XL: |  1  2  3  4  5  6  7  8  9 |
---------------+----------------------------+-----
Maces & Flails | 3 5 6 8 9 |  9.3
Dodging        | 1 2 3 5 |  5.4
Armour         | 4 5 6 7 |  7.1
Fighting       | 4 5 6 7 |  7.1
Shields        | 4 5 6 7 |  7.2

Action                   |  1- 3 |  4- 6 |  7- 9 || total
-------------------------+-------+-------+-------++-------
Melee: Flail             |   105 |    78 |    11 ||   194
       Headbutt          |    10 |    19 |    60 ||    89
       Morningstar       |       |       |   309 ||   309
Invok: Stomp             |       |     1 |       ||     1
  Use: Potion            |       |     1 |     1 ||     2
 Stab: Paralysed         |       |       |     6 ||     6
  Eat: Chunk             |     3 |     4 |     9 ||    16
       Ration            |       |       |     1 ||     1
Armor: Scale mail        |    44 |    59 |    33 ||   136
       Chain mail        |       |       |    52 ||    52
Dodge: Dodged            |    43 |    39 |    99 ||   181
       Deflected         |     1 |     1 |     7 ||     9
Block: Shield            |    86 |    57 |   180 ||   323
